 Dungeon Crawl Stone Soup version 0.24.0-1-gfbc8707 (webtiles) character file.

Game seed: 2759900653786043428, levelgen mode: deterministic

1142 Buxparty the Slicer (level 8, -10/40 HPs)
             Began as a Spriggan Assassin on Dec 31, 2019.
             Was a Follower of Dithmenos.
             Killed from afar by Pikel (14 damage)
             ... with an iceblast
             ... on level 5 of the Dungeon on Jan 1, 2020.
             The game lasted 00:25:50 (6144 turns).

Buxparty the Slicer (Spriggan Assassin)             Turns: 6144, Time: 00:25:50

Health: -10/40     AC:  4    Str:  9    XL:     8   Next: 15%
Magic:  9/9        EV: 24    Int: 12    God:    Dithmenos [*.....]
Gold:   22         SH:  0    Dex: 18    Spells: 7/7 levels left

rFire    . . .     SeeInvis +   a - +3 dagger
rCold    . . .     Gourm    .   (shield restricted)
rNeg     . . .     Faith    .   b - +0 robe
rPois    .         Spirit   .   (helmet restricted)
rElec    .         Reflect  .   c - +1 cloak
rCorr    .         Harm     .   (gloves unavailable)
MR       +....                  (boots unavailable)
Stlth    +++++.....             q - amulet of rage
HPRegen  0.13/turn              n - +3 ring of evasion
MPRegen  0.11/turn              V - ring of stealth

@: wreathed by umbra, very quick
A: very small, unfitting armour, see invisible, herbivore, speed 3, slow
metabolism 2
a: Renounce Religion, Evoke Berserk Rage


You were on level 5 of the Dungeon.
You worshipped Dithmenos.
Dithmenos was aware of your devotion.
You were not hungry.

You visited 2 branches of the dungeon, and saw 6 of its levels.

You collected 322 gold pieces.
You spent 300 gold pieces at shops.

Inventory:

Hand Weapons
 a - a +3 dagger (weapon)
Missiles
 d - 10 poisoned darts (quivered)
Armour
 b - a +0 robe (worn)
 c - a +1 cloak (worn)
Jewellery
 j - an uncursed ring of magical power
 n - a +3 ring of evasion (left hand)
 q - an amulet of rage (around neck)
 r - an uncursed ring of fire
 x - an uncursed ring of magical power
 V - a ring of stealth (right hand)
Wands
 e - a wand of polymorph (15)
Scrolls
 g - 4 scrolls of teleportation
 m - 2 scrolls of enchant armour
 o - 2 scrolls of amnesia {unknown}
 s - 2 scrolls of remove curse {unknown}
 u - 4 scrolls of identify
Potions
 h - a potion of ambrosia {unknown}
 i - 2 potions of invisibility {unknown}
 k - 3 potions of berserk rage {unknown}
 l - a potion of haste {unknown}
 p - 2 potions of curing {unknown}
 t - 3 potions of mutation {unknown}
 v - a potion of brilliance {unknown}
 w - a potion of resistance {unknown}
Comestibles
 f - 12 rations


   Skills:
 + Level 3.0 Fighting
 * Level 9.0 Short Blades
 - Level 2.0 Throwing
 - Level 5.2 Dodging
 - Level 7.0 Stealth


You had 7 spell levels left.
You didn't know any spells.
Your spell library contained the following spells:

 Spells                   Type           Power        Failure   Level  Hunger
 Animate Skeleton         Necr           N/A          32%         1    ##.....
 Apportation              Tloc           #.....       32%         1    ##.....
 Confusing Touch          Hex            #.....       32%         1    ##.....
 Summon Small Mammal      Summ           #...         32%         1    ##.....
 Confuse                  Hex            #.......     69%         3    ####...
 Gell's Gravitas          Tloc           #.........   69%         3    ####...
 Petrify                  Tmut/Erth      #.......     97%         4    #####..
 Metabolic Englaciation   Hex/Ice        #.........   100%        5    ######.
 Yara's Violent Unravell  Hex/Tmut       #.........   100%        5    ######.


Dungeon Overview and Level Annotations

Branches:
Dungeon (5/15)             Temple (1/1) D:4

Altars:
Ashenzari
Cheibriados
Dithmenos
Elyvilon
Hepliaklqana
Kikubaaqudgha
Makhleb
Nemelex Xobeh
Okawaru
Qazlal
Ru
Sif Muna
Trog
Uskayaw
Vehumet
Yredelemnul
Zin

Shops:
D:5 *

Annotations:
D:4 3 runed translucent doors, crudle's ghost, novice HOFi
D:5 Pikel


Innate Abilities, Weirdness & Mutations

You are very small and have problems with some larger weapons.
You are too small for most types of armour.
You have supernaturally acute eyesight. (SInv)
You are a herbivore.
You cover ground extremely quickly.
You need to consume almost no food.


Message History

Pikel is moderately wounded.
Pikel cracks his whip.
Throwing (i - inventory)
d - 12 poisoned darts (quivered)
Press: ? - help, Shift-Dir - straight line, f/p - Pikel
Aim: Pikel, wielding a +2 whip of flaming, wearing a +0 robe and carrying a wand of iceblast (2) (heavily wounded)
You throw a poisoned dart. The poisoned dart hits Pikel.
Pikel is poisoned.
Pikel is heavily wounded.
Pikel waves his whip at you.
Pikel says, "Slavery isn't that bad."
There are monsters nearby!
Pikel looks more healthy.
Throwing (i - inventory)
d - 11 poisoned darts (quivered)
Press: ? - help, Shift-Dir - straight line, f/p - Pikel
Aim: Pikel, wielding a +2 whip of flaming, wearing a +0 robe and carrying a wand of iceblast (2) (heavily wounded)
You throw a poisoned dart. The poisoned dart hits Pikel.
Pikel is poisoned.
Pikel is heavily wounded.
Pikel zaps a wand.
The mass of ice explodes!
The iceblast engulfs you!
* * * LOW HITPOINT WARNING * * *
Pikel zaps a wand.
The mass of ice explodes!
The iceblast engulfs you!
You die...

.p.........#....#....#..........#
...........#....#....#..........#
.....p.....########..#........>.#
....(.............##'############
....).....Kp......#......#
'##....####.......#......#
..#....#..#.......###...##
..#....#†.#####.....#...##
..'....#......#.@...#....#
..#....#......#.....#....#
..#....'......#.....+....#
#'#....#..###.#.....###'###
......#######.##..........#
...>..#........'..........#
......'........#..........#
......#.########..........#
....###.#..............####


You could see Pikel and a slave.

Vanquished Creatures
  A slave (D:5)
  A sky beast (D:5)
  A phantom (D:5)
  An ogre (D:4)
  A centaur (D:5)
  4 hounds
  A jelly (D:5)
  4 bullfrog skeletons
  A centaur skeleton (D:4)
  An orc wizard (D:5)
  Jessica (D:2)
  Ijyb (D:5)
  Natasha (thrice) (D:3)
  6 worker ants
  A worker ant zombie (D:5)
  3 gnolls (D:5)
  7 adders
  2 shadow imps (D:5)
  2 oozes
  A worm (D:2)
  3 leopard geckos
  18 orcs
  2 ball pythons
  3 giant cockroaches
  5 goblins
  7 hobgoblins
  4 jackals (D:2)
  2 quokkas
  A ball python skeleton (D:5)
  11 bats
  6 frilled lizards
  3 kobolds
  A leopard gecko skeleton (D:5)
  A quokka skeleton (D:5)
  2 rats
112 creatures vanquished.

Notes
Turn   | Place    | Note
-------+----------+-------------------------------------------
     0 | D:1      | Buxparty the Spriggan Assassin began the quest for the Orb.
     0 | D:1      | Reached XP level 1. HP: 10/10 MP: 2/2
   153 | D:1      | Reached XP level 2. HP: 14/14 MP: 3/3
   927 | D:2      | Reached XP level 3. HP: 18/18 MP: 4/4
  1010 | D:2      | Noticed Jessica
  1026 | D:2      | Killed Jessica
  1026 | D:2      | Reached skill level 3 in Short Blades
  1212 | D:2      | Found a faded altar of an unknown god.
  1392 | D:2      | Reached XP level 4. HP: 16/22 MP: 5/5
  1703 | D:3      | Found a radiant altar of Vehumet.
  2138 | D:3      | Noticed Natasha
  2154 | D:3      | Killed Natasha
  2395 | D:3      | Noticed Natasha
  2469 | D:3      | Killed Natasha
  2469 | D:3      | Reached XP level 5. HP: 17/25 MP: 6/6
  2489 | D:3      | Noticed Natasha
  2541 | D:3      | Killed Natasha
  2541 | D:3      | Reached skill level 5 in Dodging
  2645 | D:4      | Reached skill level 4 in Short Blades
  2867 | D:4      | Reached skill level 5 in Short Blades
  2886 | D:4      | Reached XP level 6. HP: 18/30 MP: 7/7
  2896 | D:4      | Found a staircase to the Ecumenical Temple.
  3172 | D:4      | Reached skill level 6 in Short Blades
  3320 | Temple   | Entered the Ecumenical Temple
  3327 | Temple   | Became a worshipper of Dithmenos the Shadowed
  3358 | D:4      | Found a runed translucent gate.
  3359 | D:4      | Found a runed translucent gate.
  3360 | D:4      | Found a runed translucent gate.
  3362 | D:4      | Noticed crudle's ghost (novice HOFi)
  3766 | D:4      | Reached skill level 7 in Short Blades
  3766 | D:4      | Reached XP level 7. HP: 33/33 MP: 8/8
  4018 | D:5      | Entered Level 5 of the Dungeon
  4080 | D:5      | Noticed Ijyb
  4082 | D:5      | Killed Ijyb
  4876 | D:5      | Reached skill level 8 in Short Blades
  5275 | D:5      | Reached * piety under Dithmenos
  5341 | D:5      | Found a hide-covered altar of Uskayaw.
  5535 | D:5      | Reached XP level 8. HP: 33/39 MP: 9/9
  5635 | D:5      | Found Sien's Assorted Antiques.
  5654 | D:5      | Bought a hardcover book for 300 gold pieces
  5730 | D:5      | Noticed Pikel
  5939 | D:5      | Reached skill level 9 in Short Blades
  6144 | D:5      | Killed from afar by Pikel

Levels and vault maps discovered:
D:1:      lightli_iron_boxes, layout_basic, hex_large
D:2:      layout_loops_corners, first_ration,
          chequers_ecumenical_altar_simple_redux, uniq_jessica
D:3:      layout_loops_ring, vehumet_crystals, uniq_natasha
D:4:      layout_basic, minmay_temple_entry_steel_oval, gammafunk_ghost_split,
          minmay_misc_feat_plants
D:5:      layout_gridville, lemuel_doored_altar, serial_shops,
          nicolae_shop_stone, chequers_serial_rivers_marsh, uniq_pikel,
          uniq_ijyb
Temple:   nicolae_temple_no_exploring_needed

Skill      XL: |  1  2  3  4  5  6  7  8 |
---------------+-------------------------+-----
Stealth        | 6 7 |  7.0
Dodging        | 3 4 5 |  5.2
Short Blades   | 3 5 7 8 9 |  9.0
Fighting       | 2 3 |  3.0
Throwing       | |  2.0

Action                   |  1- 3 |  4- 6 |  7- 9 || total
-------------------------+-------+-------+-------++-------
Melee: Dagger            |   100 |   147 |   160 ||   407
Throw: Dart              |       |    24 |    62 ||    86
  Use: Scroll            |       |       |     3 ||     3
 Stab: Sleeping          |    13 |    18 |     8 ||    39
       Distracted        |       |       |     1 ||     1
  Eat: Ration            |       |     2 |       ||     2
Armor: Robe              |     8 |     5 |     2 ||    15
Dodge: Dodged            |    78 |    86 |   113 ||   277
